 Dungeon Crawl Stone Soup version 0.21.1-1-g345015f (webtiles) character file.

343 stormannn the Skirmisher (level 6, 0/40 HPs)
             Began as a Gargoyle Fighter on Feb 22, 2018.
             Slain by an orc wizard
             ... wielding a +0 dagger
              (1 damage)
             ... on level 4 of the Dungeon.
             The game lasted 00:05:49 (2779 turns).

stormannn the Skirmisher (Gargoyle Fighter)         Turns: 2779, Time: 00:05:49

Health: 0/40       AC: 12    Str: 26    XL:     6   Next: 57%
Magic:  0/6        EV:  7    Int:  8    God:
Gold:   184        SH: 10    Dex:  9    Spells: 5/5 levels left

rFire    . . .     SeeInvis .   a - +0 flail
rCold    . . .     Gourm    .   c - +0 shield
rNeg     + . .     Faith    .   E - +0 scale mail {rPois}
rPois    ∞         Spirit   +   p - +0 helmet
rElec    +         Reflect  .   o - scarf {cloud immunity}
rCorr    .         Harm     .   (no gloves)
MR       +....                  (no boots)
Stlth    ..........             v - amulet of guardian spirit
HPRegen  0.13/turn              w - ring of protection from magic
MPRegen  0.10/turn              u - +4 ring of strength

@: no status effects
A: negative energy resistance 1, electricity resistance, unbreathing,
petrification resistance, rot immunity, AC +4
a: no special abilities


You were on level 4 of the Dungeon.
You were not hungry.

You visited 1 branch of the dungeon, and saw 4 of its levels.

You collected 184 gold pieces.

Inventory:

Hand Weapons
 a - a +0 flail (weapon)
Armour
 b - a +0 scale mail
 c - a +0 shield (worn)
 o - a scarf of cloud immunity (worn)
 p - a +0 helmet (worn)
 E - a +0 scale mail of poison resistance (worn)
Magical Staves
 t - an uncursed staff of fire {unknown}
Jewellery
 n - an uncursed ring of positive energy
 u - a +4 ring of strength (right hand)
 v - an amulet of guardian spirit (around neck)
 w - a ring of protection from magic (left hand)
 B - a cursed ring of teleportation {unknown}
Wands
 g - a wand of random effects (23)
 F - a wand of disintegration (13)
Scrolls
 e - 5 scrolls of remove curse {unknown}
 h - a scroll of random uselessness {unknown}
 i - 2 scrolls of amnesia {unknown}
 j - 5 scrolls of teleportation {unknown}
 m - a scroll of noise {unknown}
 q - 2 scrolls of immolation {unknown}
 x - 3 scrolls of enchant weapon {unknown}
 y - a scroll of enchant armour {unknown}
 z - 3 scrolls of identify {unknown}
Potions
 d - a potion of might
 k - a potion of lignification {unknown}
 l - a potion of berserk rage {unknown}
 r - 2 potions of resistance
 s - a potion of haste {unknown}
 A - a potion of invisibility {unknown}
 C - a potion of curing {unknown}
Comestibles
 f - 7 rations
 D - 2 chunks of flesh


   Skills:
 * Level 5.2 Fighting
 * Level 4.1 Maces & Flails
 + Level 4.4 Armour
 + Level 4.4 Shields


You had 5 spell levels left.
You didn't know any spells.

Dungeon Overview and Level Annotations

Branches:
Dungeon (4/15)
 Temple: D:4-7

Altars:
Ashenzari
Trog


Innate Abilities, Weirdness & Mutations

You are resistant to torment.
Your stone body is resilient. (AC +4)
You are immune to poison.
You resist negative energy. (rN+)
You are resistant to electric shocks. (rElec)
You can survive without breathing.
You are immune to petrification.
You are immune to rotting.


Message History

You barely miss something. Something hits you but does no damage.
You hit something but do no damage. Something hits you but does no damage.
You miss something.
The orc priest mumbles some strange prayers to Beogh against you.
Beogh smites you! Something hits you but does no damage.
You hit something but do no damage.
Something hits you but does no damage. x2
You miss something. Something hits you but does no damage.
You miss something.
The orc priest invokes the aid of Beogh against you.
Beogh smites you!
* * * LOW HITPOINT WARNING * * *
Something hits you but does no damage.
You barely miss something.
The orc priest calls down the wrath of Beogh upon you.
Beogh smites you!
* * * LOW HITPOINT WARNING * * *
Something hits you but does no damage.
You closely miss something. Something hits you but does no damage.
Something hits you.
You die...

#
#..................#.#
#
...........##...#.##.#
.# ##.....##.# .. ##
#...##.##.# .
....##.#.##.##.#
.........##.##.#
....###..##..#.# ...
#.####.#.# . #@# #.#.#
#{# #...# #o# ##..#
#o# #..# .o. #..# ...
#..# ... #..# .....
##.# ###


You could see an orc priest and 2 orcs.

Vanquished Creatures
  An ogre (D:3)
  An orc priest (D:3)
  Natasha (D:2)
  Ijyb (D:4)
  An orc wizard (D:3)
  A gnoll (D:1)
  4 adders
  2 worms (D:2)
  2 dart slugs
  A leopard gecko (D:2)
  8 orcs
  7 bats (D:2)
  5 giant cockroaches
  12 goblins
  11 hobgoblins
  5 jackals
  2 quokkas
  2 ball pythons
  6 frilled lizards
  8 kobolds
  13 rats
94 creatures vanquished.

Notes
Turn   | Place    | Note
-------+----------+-------------------------------------------
     0 | D:1      | stormannn the Gargoyle Fighter began the quest for the Orb.
     0 | D:1      | Reached XP level 1. HP: 14/14 MP: 1/1
   100 | D:1      | Reached XP level 2. HP: 16/19 MP: 2/2
   444 | D:1      | Reached XP level 3. HP: 24/24 MP: 3/3
   451 | D:1      | Found a shattered altar of Ashenzari.
  1105 | D:2      | Noticed Natasha
  1109 | D:2      | Killed Natasha
  1109 | D:2      | Reached skill level 4 in Fighting
  1109 | D:2      | Reached XP level 4. HP: 24/29 MP: 4/4
  1591 | D:2      | Reached XP level 5. HP: 33/34 MP: 5/5
  2072 | D:3      | Noticed an ogre
  2086 | D:3      | Killed an ogre
  2118 | D:3      | Reached XP level 6. HP: 40/40 MP: 6/6
  2329 | D:3      | Reached skill level 5 in Fighting
  2562 | D:3      | Found a bloodstained altar of Trog.
  2677 | D:4      | Noticed Ijyb
  2706 | D:4      | Killed Ijyb
  2778 | D:4      | HP: 1/40 [orc priest/divine providence (10)]
  2779 | D:4      | Slain by an orc wizard

Skill      XL: |  1  2  3  4  5  6 |
---------------+-------------------+-----
Fighting       | 4 5 |  5.2
Maces & Flails | 3 4 |  4.1
Shields        | 4 |  4.4
Armour         | 4 |  4.4

Action                   |  1- 3 |  4- 6 || total
-------------------------+-------+-------++-------
Melee: Flail             |   117 |   253 ||   370
  Eat: Chunk             |     1 |     6 ||     7
Armor: Scale mail        |    72 |   160 ||   232
Dodge: Dodged            |    22 |    75 ||    97
Block: Shield            |    67 |   143 ||   210
